 Dungeon Crawl Stone Soup version 0.31-a0-1620-gcbf77bbcfc (webtiles) character file.

Game seed: 4743258347460046492

129 Laraso the Magician (level 4, 0/33 HPs)
             Began as a Draconian Fire Elementalist on Jan 12, 2024.
             Slain by Crazy Yiuf
             ... wielding a +4 quarterstaff of chaos
              (13 damage)
             ... on level 2 of the Dungeon.
             The game lasted 00:03:22 (2478 turns).

Laraso the Magician (Draconian Fire Elementalist)   Turns: 2478, Time: 00:03:23

Health: 0/33       AC:  5    Str:  8 (10) XL:     4   Next: 88%
Magic:  8/10       EV: 12    Int: 15 (17) God:
Gold:   123        SH:  0    Dex: 10 (12) Spells: 9/12 levels left

rFire   . . .        i - +1 short sword (drain)
rCold   . . .        (no shield)
rNeg    + . .        (body armour unavailable)
rPois   .            (helmet restricted)
rElec   .            (no cloak)
rCorr   .            (no gloves)
SInv    .            (no boots)
Will    ++...        (no amulet)
Stlth   ++           d - ring of willpower
HPRegen 0.25/turn    f - ring of positive energy
MPRegen 0.12/turn

%: no passive effects
@: enlightened, flying
A: AC +5, unfitting armour, cold-blooded
a: no special abilities


You were on level 2 of the Dungeon.
You visited 1 branch of the dungeon, and saw 2 of its levels.

You collected 123 gold pieces.

Inventory:

Hand Weapons
 i - a +1 short sword of draining (weapon)
Jewellery
 d - a ring of willpower (left hand)
 f - a ring of positive energy (right hand)
Scrolls
 b - 2 scrolls of teleportation
Potions
 a - a potion of magic


   Skills:
 - Level 1.7 Dodging
 - Level 1.7 Stealth
 * Level 4.8 Spellcasting
 - Level 1.0 Conjurations
 - Level 3.0 Fire Magic


You had 9 spell levels left.
You knew the following spells:

 Your Spells              Type           Power      Damage    Failure   Level
a - Foxfire               Conj/Fire      36%        2x1d5     8%          1
b - Scorch                Fire           24%        2d6       8%          2

Your spell library contained the following spells:

 Spells                   Type           Power      Damage    Failure   Level
 Call Imp                 Summ           6%         N/A       26%         2
 Sublimation of Blood     Necr           3%         N/A       26%         2
 Inner Flame              Hex/Fire       8%         N/A       26%         3
 Volatile Blastmotes      Fire/Tloc      16%        2d11      26%         3
 Hailstorm                Conj/Ice       5%         3d5       38%         3
 Summon Ice Beast         Ice/Summ       3%         N/A       45%         3
 Flame Wave               Conj/Fire      9%         2d6       58%         4
 Sculpt Simulacrum        Ice/Alch       1%         N/A       100%        6
 Summon Hydra             Summ           1%         N/A       100%        7


Dungeon Overview and Level Annotations

Branches:
Dungeon (2/15)

Altars:

Annotations:
D:2 Crazy Yiuf


Innate Abilities, Weirdness & Mutations

Your plain brown scales are hard. (AC +5)
You cannot fit into any form of body armour.
You are cold-blooded and may be slowed by cold attacks.


Message History

Flames lash Crazy Yiuf.
Crazy Yiuf is burned terribly!
Crazy Yiuf is heavily wounded.
Crazy Yiuf hits you with a +4 quarterstaff of chaos!
You are confused.
You are too injured to fight recklessly!
It was a potion of degeneration.
There was something very wrong with that liquid.
You feel weakened.
You feel dopey.
You feel clumsy.
Crazy Yiuf hits you with a +4 quarterstaff of chaos!
* * * LOW HITPOINT WARNING * * *
You are too injured to fight recklessly!
It was a potion of enlightenment.
You feel very buoyant.
You fly up into the air.
Crazy Yiuf hits you but does no damage.
You are more confused.
You feel invigorated. Crazy Yiuf closely misses you.
Crazy Yiuf closely misses you.
You're too confused to cast spells.
Crazy Yiuf hits you with a +4 quarterstaff of chaos!
Crazy Yiuf draws strength from your wounds!
Crazy Yiuf yells, "Announcement sizzlefizz illywillydillykilly!"
Crazy Yiuf closely misses you.
You are too injured to fight recklessly!
Crazy Yiuf is no longer more vulnerable to fire.
Crazy Yiuf screams, "Fluff shoe sallow!"
You bump into the tree.
Crazy Yiuf hits you with a +4 quarterstaff of chaos.
You bump into the tree.
You feel less invigorated. Crazy Yiuf barely misses you.
You bump into the tree.
Crazy Yiuf hits you with a +4 quarterstaff of chaos.
You feel your power leaking away.
You bump into the tree.
Crazy Yiuf hits you with a +4 quarterstaff of chaos!
Crazy Yiuf burns you.
You are too injured to fight recklessly!
You bump into the tree.
You feel less confused.
Crazy Yiuf hits you with a +4 quarterstaff of chaos!
You die...

#........# #####
#........# #..)#
#........## #...#
#.......... ...
#.......... #'#
#.........> ♣♣.♣
#####...... ♣g♣♣
##...... ♣♣@♣
#....... ♣.♣♣
#....... ♣♣.♣♣
#....... ♣.P.♣♣
#...)... ♣PPP.♣
#....... #....#
#....... ##..##
#....... #...#
#.......
##.########.......


You could see Crazy Yiuf.

Vanquished Creatures
  Jessica (D:2)
  Terence (D:2)
  Robin (D:2)
  8 bats
  4 endoplasms
  2 giant cockroaches
  18 goblins
  9 hobgoblins
  4 quokkas
  A ball python (D:1)
  3 frilled lizards (D:1)
  6 kobolds
  3 rats
61 creatures vanquished.

Vanquished Creatures (others)
  44 foxfires
44 creatures vanquished.

Grand Total: 105 creatures vanquished

Notes
Turn   | Place    | Note
-------+----------+-------------------------------------------
     0 | D:1      | Laraso the Draconian Fire Elementalist began the quest for
                  | the Orb.
     0 | D:1      | Reached XP level 1. HP: 14/14 MP: 3/3
   157 | D:1      | Reached XP level 2. HP: 17/20 MP: 2/5
   425 | D:1      | Reached skill level 3 in Spellcasting
   952 | D:1      | Reached XP level 3. HP: 26/26 MP: 7/7
  1152 | D:1      | Learned a level 2 spell: Scorch
  1823 | D:2      | Noticed Robin
  1913 | D:2      | Killed Robin
  1914 | D:2      | Reached skill level 4 in Spellcasting
  1918 | D:2      | Reached XP level 4. HP: 29/33 MP: 0/10
  2131 | D:2      | Noticed Terence
  2136 | D:2      | Killed Terence
  2290 | D:2      | Noticed Jessica
  2295 | D:2      | Killed Jessica
  2348 | D:2      | Found a faded altar of an unknown god.
  2459 | D:2      | Found a runed translucent door.
  2460 | D:2      | Noticed Crazy Yiuf
  2478 | D:2      | Slain by Crazy Yiuf

Illustrated notes

Levels and vault maps discovered:
D:1:      ncdulo_lavacross, layout_basic, minivault_4, minmay_tree_intersection,
          minmay_tall_x
D:2:      layout_basic, chequers_ecumenical_altar_simple, uniq_terence,
          uniq_jessica, uniq_robin, uniq_crazy_yiuf_cottage

Skill      XL: |  1  2  3 |
---------------+----------+-----
Spellcasting   | 3 4 |  4.8
Dodging        | |  1.7
Stealth        | |  1.7
Conjurations   | |  1.0
Fire Magic     | |  3.0

Action                     |  1- 3 |  4- 6 || total
---------------------------+-------+-------++-------
  Melee: Short sword       |    79 |     4 ||    83
         Tailslap          |     7 |     1 ||     8
         Dagger            |    11 |     1 ||    12
         Spear             |     5 |       ||     5
   Cast: Foxfire           |    27 |       ||    27
         Scorch            |    19 |    13 ||    32
    Use: Scroll            |     3 |       ||     3
         Potion            |       |     3 ||     3
   Stab: Sleeping          |     2 |       ||     2
 Armour: Skin              |    57 |    12 ||    69
  Dodge: Dodged            |    67 |     5 ||    72

Table legend: (Time is in decaauts)
 A = Elapsed time spent in this place.
 B = Non-inter-level travel time spent in this place.
 C = Inter-level travel time spent in this place.
 D = Time resting spent in this place.
 E = Time spent auto-exploring this place.
 F = Levels seen in this place.
 G = Mean time per level.
                   A        B        C        D        E       F      G
               +--------+--------+--------+--------+--------+-----+--------+
         Total |   2479 |   2430 |     49 |    313 |   1686 |   2 | 1239.5 |
       Dungeon |   2479 |   2430 |     49 |    313 |   1686 |   2 | 1239.5 |
               +--------+--------+--------+--------+--------+-----+--------+

Top non-repeatable levels by time:
     D:1: 1420 daAuts
     D:2: 1059 daAuts
